 Dungeon Crawl Stone Soup version 0.21.1-1-g345015fe64 (webtiles) character file.

235 P0ring the Cudgeler (level 5, -2/48 HPs)
             Began as a Minotaur Berserker on Apr 27, 2018.
             Was a Believer of Trog.
             Slain by Grinder (6 damage)
             ... while paralysed by Grinder
             ... on level 3 of the Dungeon.
             The game lasted 00:04:41 (1721 turns).

P0ring the Cudgeler (Minotaur Berserker)            Turns: 1721, Time: 00:04:42

Health: -2/48      AC: 12    Str: 23    XL:     5   Next: 76%
Magic:  4/4        EV:  2    Int:  4    God:    Trog [**....]
Gold:   92         SH:  0    Dex:  9    Spells: 4/4 levels left

rFire    . . .     SeeInvis .   a - +1 mace
rCold    . . .     Gourm    .   (no shield)
rNeg     . . .     Faith    .   u - +0 scale mail
rPois    +         Spirit   .   (helmet restricted)
rElec    .         Reflect  .   (no cloak)
rCorr    .         Harm     .   (no gloves)
MR       .....                  (no boots)
Stlth    ..........             (no amulet)
HPRegen  0.16/turn              n - ring of poison resistance
MPRegen  0.09/turn              q - +6 ring of protection

@: paralysed
A: retaliatory headbutt, horns 2
a: Berserk, Trog's Hand, Burn Spellbooks, Renounce Religion


You were on level 3 of the Dungeon.
You worshipped Trog.
Trog was pleased with you.
You were hungry.

You visited 1 branch of the dungeon, and saw 3 of its levels.

You collected 92 gold pieces.

Inventory:

Hand Weapons
 a - a +1 mace (weapon)
Armour
 b - a +0 animal skin
 m - a +1 leather armour
 o - a +0 leather armour
 u - a +0 scale mail (worn)
Jewellery
 g - an uncursed amulet of inaccuracy
 h - an uncursed ring of teleportation
 n - a ring of poison resistance (left hand)
 q - a +6 ring of protection (right hand)
Scrolls
 e - 5 scrolls of identify
 f - 2 scrolls of enchant armour
 i - a scroll of enchant weapon
 l - 4 scrolls of teleportation
 t - a scroll of random uselessness {unknown}
 v - a scroll of remove curse
Potions
 d - a potion of haste
 j - a potion of curing {unknown}
 k - 2 potions of might {unknown}
 p - 2 potions of degeneration {unknown}
 r - 2 potions of agility {unknown}
Comestibles
 c - 7 rations
 s - 16 chunks of flesh


   Skills:
 + Level 5.5 Fighting
 + Level 5.6 Maces & Flails
 + Level 3.4 Armour
 + Level 3.2 Dodging


You had 4 spell levels left.
You didn't know any spells.

Dungeon Overview and Level Annotations

Branches:
Dungeon (3/15)

Altars:
Dithmenos

Annotations:
D:3 Grinder


Innate Abilities, Weirdness & Mutations

You reflexively headbutt those who attack you in melee.
You have a pair of horns on your head.


Message History

You closely miss Grinder. You headbutt Grinder!
Grinder is moderately wounded.
Grinder hits you.
You are too injured to fight recklessly!
You hit Grinder. Your headbutt misses Grinder.
Grinder is heavily wounded.
Grinder hits you! Grinder hits you.
* * * LOW HITPOINT WARNING * * *
You writhe in agony.
* * * LOW HITPOINT WARNING * * *
You hit Grinder but do no damage. Your headbutt misses Grinder.
Grinder is heavily wounded.
Grinder says, "Wait up."
Grinder gestures at you.
You suddenly lose the ability to move!
Grinder hits you but does no damage. Grinder hits you.
* * * LOW HITPOINT WARNING * * *
You writhe in agony.
You die...

##.### #..# #.# #..# #.#
#..# #.# #..# ### #.#
#..# #.. #.# #..# #.#
##.#######..# #.#
............###.#####.##
#.........#..((.@5......
#..######.#####.)..###.#
#..## #.# ####.# #...#
#.# .# #).## #.# # #.[#
... #..# ... ...# ...#


You could see Grinder.

Vanquished Creatures
  Sigmund (D:2)
  2 adders
  A worm (D:2)
  A dart slug (D:1)
  3 leopard geckos
  3 orcs (D:3)
  3 bats
  3 giant cockroaches
  5 goblins
  8 hobgoblins
  A jackal (D:1)
  A quokka (D:2)
  2 ball pythons
  2 frilled lizards
  2 kobolds
  10 rats
48 creatures vanquished.

Notes
Turn   | Place    | Note
-------+----------+-------------------------------------------
     0 | D:1      | P0ring the Minotaur Berserker began the quest for the Orb.
     0 | D:1      | Reached XP level 1. HP: 19/19 MP: 0/0
   285 | D:1      | Reached XP level 2. HP: 27/27 MP: 1/1
   819 | D:2      | Noticed Sigmund
   827 | D:2      | Killed Sigmund
   827 | D:2      | Reached skill level 5 in Fighting
   827 | D:2      | Reached skill level 5 in Maces & Flails
   827 | D:2      | Reached XP level 3. HP: 15/36 MP: 2/2
   827 | D:2      | Reached XP level 4. HP: 17/42 MP: 3/3
   827 | D:2      | Reached XP level 5. HP: 20/48 MP: 4/4
  1203 | D:2      | Reached ** piety under Trog
  1397 | D:2      | Found a shadowy altar of Dithmenos.
  1705 | D:3      | Noticed Grinder
  1719 | D:3      | Paralysed by Grinder for 5 turns
  1721 | D:3      | Slain by Grinder

Skill      XL: |  1  2 |
---------------+-------+-----
Maces & Flails | 5 |  5.6
Fighting       | 5 |  5.5
Armour         | 3 |  3.4
Dodging        | 3 |  3.2

Action                   |  1- 3 |  4- 6 || total
-------------------------+-------+-------++-------
Melee: Mace              |    35 |    48 ||    83
       Headbutt          |     9 |    10 ||    19
  Use: Scroll            |       |     6 ||     6
  Eat: Chunk             |       |     2 ||     2
Armor: Animal skin       |     3 |       ||     3
       Leather armour    |     2 |    16 ||    18
       Scale mail        |       |     5 ||     5
Dodge: Dodged            |    27 |    33 ||    60
